 Dungeon Crawl Stone Soup version 0.21-a0-128-gf2b353c (webtiles) character file.

114 tilp the Conjurer (level 4, -3/33 HPs)
             Began as a Hill Orc Fire Elementalist on July 16, 2017.
             Was an Initiate of Vehumet.
             Killed from afar by an orc wizard (7 damage)
             ... with a magic dart
             ... on level 3 of the Dungeon.
             The game lasted 00:13:20 (4176 turns).

tilp the Conjurer (Hill Orc Fire Elementalist)      Turns: 4176, Time: 00:13:21

Health: -3/33      AC:  6    Str: 10    XL:     4   Next: 97%
Magic:  3/7        EV: 11    Int: 16    God:    Vehumet [......]
Gold:   209        SH:  0    Dex: 11    Spells: 2/8 levels left

rFire    . . .     SeeInvis .   t - +0 dagger
rCold    . . .     Gourm    .   (no shield)
rNeg     . . .     Faith    .   h - +0 leather armour
rPois    .         Spirit   .   u - +1 helmet
rElec    .         Reflect  .   (no cloak)
rCorr    .         Harm     .   n - +0 pair of gloves
MR       .....                  (no boots)
Stlth    +.........             (no amulet)
HPRegen  0.11/turn              (no ring)
MPRegen  0.10/turn              (no ring)

@: slowed, very slow
A: no striking features
a: Renounce Religion


You were on level 3 of the Dungeon.
You worshipped Vehumet.
Vehumet was noncommittal.
You were not hungry.

You visited 1 branch of the dungeon, and saw 3 of its levels.

You collected 209 gold pieces.

Inventory:

Hand Weapons
 t - a +0 dagger (weapon)
Missiles
 p - 12 stones (quivered)
Armour
 a - a +0 robe
 h - a +0 leather armour (worn)
 n - a +0 pair of gloves (worn)
 u - a +1 helmet (worn)
Wands
 v - a wand of lightning (4/15)
Scrolls
 f - a scroll of recharging {unknown}
 i - 4 scrolls of remove curse
 j - 3 scrolls of identify {unknown}
 m - a scroll of immolation {unknown}
 o - 2 scrolls of amnesia {unknown}
 q - 2 scrolls of fog {unknown}
 r - 2 scrolls of magic mapping {unknown}
 s - a scroll of noise {unknown}
 w - 2 scrolls of fear {unknown}
 y - a scroll of teleportation {unknown}
Potions
 d - a potion of degeneration {unknown}
 e - 2 potions of curing {unknown}
 g - a potion of flight {unknown}
 l - 2 potions of brilliance {unknown}
 x - a potion of cancellation {unknown}
 z - a potion of might {unknown}
 A - a potion of haste {unknown}
 B - a potion of lignification {unknown}
 D - a potion of berserk rage {unknown}
Books
 b - a book of Flames

   Spells                             Type                      Level
   a - Flame Tongue                   Conjuration/Fire             1
   b - Throw Flame                    Conjuration/Fire             2
   c - Conjure Flame                  Conjuration/Fire             3
   d - Inner Flame                    Hexes/Fire                   3
   e - Sticky Flame                   Conjuration/Fire             4
   f - Fireball                       Conjuration/Fire             5
Comestibles
 c - a bread ration
 k - 9 fruits
 C - a chunk of flesh


   Skills:
 - Level 1.5 Dodging
 - Level 1.5 Stealth
 - Level 2.5 Spellcasting
 - Level 3.5 Conjurations
 + Level 3.5 Fire Magic


You had 2 spell levels left.
You knew the following spells:

 Your Spells              Type           Power        Failure   Level  Hunger
a - Flame Tongue          Conj/Fire      ##...        6%          1    #......
b - Throw Flame           Conj/Fire      ##....       10%         2    ##.....
c - Conjure Flame         Conj/Fire      ##......     19%         3    ###....


Dungeon Overview and Level Annotations

Branches:
Dungeon (3/15)

Altars:
Dithmenos
Fedhas
Kikubaaqudgha
Okawaru
Ru
Vehumet
The Shining One

Annotations:
D:2 1 runed door, Sigmund


Message History

Confirm with . or Enter, or press ? or * to list all spells.
Aiming: Flame Tongue
Press: ? - help, Shift-Dir - straight line Something hits you but does no damage.
The orc closely misses you. Something hits you but does no damage.
An orc wizard appears from thin air!
Reactivating autopickup.
The orc wizard hits you but does no damage.
The orc barely misses you.
The orc wizard casts a spell.
The orc wizard blinks!
The orc wizard closely misses you.
You hit the orc wizard.
The orc wizard is almost dead.
The orc wizard misses you. The orc closely misses you.
The orc wizard hits you with a dagger.
* * * LOW HITPOINT WARNING * * *
The orc wizard hits you but does no damage.
The orc wizard points at you and mumbles some strange words.
The magic dart hits you!
You die...

########.####
#........#
#..##<.#.#
#..##..#.#
#..#...#.#
#..#.#.#.#
#..#.#.#.#
########.o......#
#...).)§oo@o#####
#.###########


You could see 2 orc wizards and 2 orcs.

Vanquished Creatures
  Terence (D:2)
  Robin (D:2)
  3 oozes
  A dart slug (D:1)
  2 leopard geckos (D:1)
  5 orcs (D:3)
  A ball python (D:1)
  2 giant cockroaches
  12 goblins
  5 hobgoblins
  A quokka (D:3)
  5 bats
  4 frilled lizards
  6 kobolds
  6 rats
55 creatures vanquished.

Notes
Turn   | Place    | Note
-------+----------+-------------------------------------------
     0 | D:1      | tilp the Hill Orc Fire Elementalist began the quest for the Orb.
     0 | D:1      | Reached XP level 1. HP: 14/14 MP: 3/3
   491 | D:1      | Reached XP level 2. HP: 20/20 MP: 3/5
   495 | D:1      | Learned a level 2 spell: Throw Flame
   830 | D:1      | Reached XP level 3. HP: 26/26 MP: 3/6
   835 | D:1      | Learned a level 3 spell: Conjure Flame
  1551 | D:2      | Noticed Sigmund
  1671 | D:2      | Noticed Robin
  2043 | D:2      | Killed Robin
  2043 | D:2      | Reached XP level 4. HP: 22/33 MP: 1/7
  2309 | D:2      | Found a runed door.
  2494 | D:2      | Found an ancient bone altar of Kikubaaqudgha.
  2495 | D:2      | Found a shadowy altar of Dithmenos.
  2500 | D:2      | Noticed Terence
  2501 | D:2      | Found an iron altar of Okawaru.
  2501 | D:2      | Found a glowing golden altar of the Shining One.
  2600 | D:2      | Killed Terence
  2985 | D:2      | Found a blossoming altar of Fedhas.
  3069 | D:2      | Found a sacrificial altar of Ru.
  3406 | D:2      | Found a radiant altar of Vehumet.
  3408 | D:2      | Found a blossoming altar of Fedhas.
  3413 | D:2      | Became a worshipper of Vehumet
  4176 | D:3      | Killed from afar by an orc wizard

Vault maps used:
D:1:      minmay_arrival_open_corners
D:2:      minitemple, nicolae_ru_the_path_less_chosen, first_bread,
          fedhas_altar_fruit_tree, uniq_robin, uniq_sigmund, uniq_terence,
          uniq_crazy_yiuf_cottage
D:3:      corexii_leaking_fountain, minmay_fountain_box,
          grunt_decor_mini_mirrors, elyvilon_altar_4

Skill      XL: |  1  2  3  4 |
---------------+-------------+-----
Spellcasting   | 2 |  2.5
Conjurations   | 2 3 |  3.5
Dodging        | |  1.5
Stealth        | |  1.5
Fire Magic     | |  3.5

Action                   |  1- 3 |  4- 6 || total
-------------------------+-------+-------++-------
Melee: Club              |    40 |       ||    40
       Dagger            |       |    84 ||    84
 Cast: Flame Tongue      |    60 |    32 ||    92
       Conjure Flame     |       |     1 ||     1
  Use: Scroll            |       |     1 ||     1
 Stab: Sleeping          |       |     2 ||     2
  Eat: Chunk             |     4 |     2 ||     6
       Bread ration      |       |     1 ||     1
       Royal jelly       |       |     1 ||     1
Armor: Leather armour    |    25 |    30 ||    55
       Robe              |     1 |       ||     1
Dodge: Dodged            |    47 |    51 ||    98
